AoeStats
← TW-清德阿公

Arena

509120620Analyzed
4v4 RM · 8d ago on Sep 25, 2026· 43m 20s· 8 players
Game mode
Random Map
Map size
Large (8 player)
Population
200
Speed
Normal
Resources
Standard
Victory
Conquest
Starting age
Dark Age
Ending age
Imperial Age
RankedLock teamsTeams togetherTeam positionsShared explorationLock speedFull tech treeHidden civsTurbo modeCheats
Victory
Defeat
🇨🇳 Sicilians · China
1158
+15
🇺🇸 Italians · United States
1066
+19
🇨🇳 Khmer · China
1049
+20
🇫🇷 Franks · France
1045
+20
🇨🇱 Mapuche · Chile
1194
-20
🇹🇼 Byzantines · Taiwan
1128
-18
🇹🇷 Persians · Türkiye
1119
-18
🇨🇳 Britons · China
1110
-18
Cihangir
2:08 Loom
9:54 Feudal Age
10:26 Double-Bit Axe
10:29 Horse Collar
17:45 Castle Age
18:29 Heavy Plow
18:41 Bow Saw
19:39 Wheelbarrow
19:03 Stone Mining
21:38 Stone Shaft Mining
24:13 Fletching
24:20 Gold Mining
25:02 Town Watch
25:35 Hand Cart
26:00 Bodkin Arrow
28:55 Gold Shaft Mining
29:11 Husbandry
31:53 Imperial Age
30:17 Bloodlines
32:09 Scale Barding Armor
32:14 Forging
32:30 Citadels
32:22 Murder Holes
32:38 Masonry
32:50 Ballistics
33:47 Two-Man Saw
33:27 Conscription
34:07 Chain Barding Armor
34:23 Iron Casting
34:55 Architecture
34:28 Scale Mail Armor
35:37 Plate Barding Armor
35:24 Thumb Ring
36:18 Crop Rotation
37:31 Conscription
36:46 Elite War Elephant
37:36 Kamandaran
38:34 Hoardings
40:11 Blast Furnace
39:13 Padded Archer Armor
39:13 Scale Mail Armor
Komposita
11:04 Feudal Age
16:13 Castle Age
15:01 Double-Bit Axe
15:15 Fletching
16:46 Loom
17:00 Bodkin Arrow
18:57 Padded Archer Armor
23:38 Leather Archer Armor
23:12 Horse Collar
23:45 Bow Saw
27:11 Elite Skirmisher
31:14 Imperial Age
28:59 Heavy Plow
31:59 Pikeman
34:15 Halberdier
35:54 Crop Rotation
36:56 Scale Mail Armor
37:06 Forging
40:44 Chain Mail Armor
41:04 Iron Casting
42:09 Wheelbarrow
41:23 Town Watch
42:16 Iron Casting
42:38 Plate Mail Armor
TW-清德阿公
0:27 Loom
11:09 Feudal Age
11:45 Double-Bit Axe
11:43 Horse Collar
18:52 Castle Age
19:50 Bow Saw
20:17 Wheelbarrow
19:46 Heavy Plow
22:12 Pikeman
29:46 Imperial Age
27:44 Fletching
28:16 Gold Mining
28:26 Elite Skirmisher
29:13 Padded Archer Armor
30:40 Bodkin Arrow
31:01 Leather Archer Armor
32:32 Bracer
35:10 Ring Archer Armor
36:16 Two-Man Saw
36:05 Hand Cart
37:26 Chemistry
36:56 Thumb Ring
秋秋风落叶
4:59 Loom
10:04 Feudal Age
13:29 Double-Bit Axe
19:15 Castle Age
MountainControl
9:50 Feudal Age
15:09 Castle Age
13:39 Double-Bit Axe
15:53 Gold Mining
15:56 Stone Mining
16:23 Loom
18:55 Bow Saw
20:56 Horse Collar
22:43 Bow Saw
23:33 Wheelbarrow
23:35 Heavy Plow
23:27 Gold Mining
25:23 Stone Shaft Mining
25:27 Hand Cart
25:24 Fletching
26:26 Bodkin Arrow
27:35 Town Watch
30:27 Imperial Age
28:09 Padded Archer Armor
30:33 Leather Archer Armor
31:09 Ballistics
30:31 Treadmill Crane
31:01 Masonry
32:41 Chemistry
32:27 Bracer
34:29 Conscription
34:38 Elite Genoese Crossbowman
36:45 Ring Archer Armor
36:29 Masonry
44:01 Thumb Ring
大象钻树林
10:33 Feudal Age
13:16 Castle Age
11:27 Double-Bit Axe
15:14 Wheelbarrow
17:32 Horse Collar
23:11 Bow Saw
23:26 Heavy Plow
23:57 Gold Mining
25:39 Hand Cart
28:48 Imperial Age
26:31 Husbandry
26:41 Bloodlines
26:54 Loom
27:58 Gold Shaft Mining
27:13 Stone Mining
28:55 Elite Battle Elephant
30:55 Crop Rotation
30:56 Ballistics
31:37 Chemistry
30:50 Fortified Wall
30:35 Murder Holes
32:32 Forging
32:27 Scale Barding Armor
32:35 Masonry
32:39 Scale Barding Armor
34:36 Chain Barding Armor
34:51 Iron Casting
34:18 Padded Archer Armor
34:08 Fletching
36:09 Siege Engineers
36:35 Architecture
36:41 Plate Barding Armor
37:13 Blast Furnace
37:20 Light Cavalry
38:22 Hussar
39:33 Heavy Scorpion
Wyll
0:36 Loom
11:03 Feudal Age
11:33 Double-Bit Axe
16:24 Castle Age
15:44 Wheelbarrow
15:56 Gold Mining
17:38 Bow Saw
19:06 Gold Shaft Mining
22:10 Forging
22:06 Scale Barding Armor
25:31 Chain Barding Armor
26:43 Iron Casting
29:53 Imperial Age
28:47 Hand Cart
28:41 Scale Mail Armor
29:33 Husbandry
29:57 Cavalier
30:09 Pikeman
30:50 Squires
30:35 Arson
33:21 Blast Furnace
33:44 Paladin
33:51 Light Cavalry
36:07 Plate Barding Armor
36:12 Chain Mail Armor
40:42 Halberdier
41:55 Plate Mail Armor
dandan
5:17 Loom
9:24 Feudal Age
10:17 Double-Bit Axe
10:14 Horse Collar
23:35 Castle Age
24:08 Scale Mail Armor
25:57 Fletching
27:16 Bodkin Arrow
30:40 Bow Saw
31:30 Heavy Plow
33:42 Wheelbarrow
37:03 Imperial Age
34:51 Squires
34:37 Arson
35:56 Chain Mail Armor
38:19 Plate Mail Armor
38:15 Forging
38:59 Conscription
38:32 Elite Serjeant
40:02 Hand Cart
40:59 Iron Casting
40:31 Capped Ram
41:35 Siege Ram
44:18 Blast Furnace
Connection lost

Rejoining the realm…

Still unreachable

The connection could not be restored.

Session expired

The server has moved on; the page needs a fresh start.